Jonadab, neutral male gnomish Wizard --------- ##........| # |.....<.| ### |.......| # |.......| # |.......| # |.......| # --------- # # # # --|--# |...|# |s(.|# |.G..# ----- Jonadab the Conjurer Experience level: 4 Strength: 13 Dexterity: 9 Constitution: 16 Intelligence: 14 Wisdom: 12 Charisma: 11 Health: 0(31) Energy: 4(38) Def: 1 Gold: 796 Moves: 903 Dungeon seed: KDL38PkJdEJErh4S Game ID: Jonadab_1498591825 Your Inventory: Coins $ - 796 gold pieces Weapons a - a blessed +2 quarterstaff (weapon in hands) Armor e - an uncursed +0 cloak of magic resistance (being worn) Comestibles t - an uncursed food ration Scrolls i - 2 uncursed scrolls of identify j - an uncursed scroll of create monster Spellbooks k - a blessed spellbook of force bolt l - an uncursed spellbook of detect unseen Potions f - an uncursed potion of gain ability g - an uncursed potion of levitation h - an uncursed potion of water Rings c - an uncursed ring of searching d - an uncursed ring of shock resistance Wands b - an uncursed wand of light (0:14) Tools n - an uncursed bell p - an uncursed large box Gems q - an uncursed jet stone Contents of the large box: a blessed scroll of stinking cloud an uncursed worthless piece of orange glass Spells and supernatural/magical abilities: Name Level Category Fail Memory a - force bolt 1 attack 0% 96% U - detect unseen 3 divination 100% 96% W - pray for help -- divine ? -- Your skills at the end: Fighting Skills Weapon Skills quarterstaff [Basic] Spellcasting Skills attack spells [Basic] enchantment spells [Basic] Final Attributes: You had strayed. You were magic-protected. You saw invisible. You were telepathic. You had infravision. You are dead. Vanquished creatures: a floating eye a kitten a rothe a werejackal an acid blob a gas spore 2 giant rats a gecko 2 jackals a fox a kobold a sewer rat 3 grid bugs a bat a kobold zombie 19 creatures vanquished. Voluntary challenges: You were an atheist. You used a wielded weapon 19 times, starting on turn 5. You read items or engraved 3 times, starting on turn 53. You never genocided any monsters. You never polymorphed an object. You never changed form. You used no wishes. You never split a pudding. You never wrote Elbereth's name. You violated your moral code, losing 24 points of alignment, starting on turn 5. Dungeon overview: The Dungeons of Doom: levels 1 to 8 Level 1 a long staircase Level 2 Level 3 Level 4 Level 5 a fountain Level 6 Level 7 Level 8 <- You were here History has recorded: On T:1 you entered the Dungeons of Doom to retrieve the Amulet of Yendor! On T:5 you advanced to experience level 2. On T:22 you advanced to experience level 3. On T:196 you reached level 2 of The Dungeons of Doom. On T:253 you reached level 3 of The Dungeons of Doom. On T:499 you reached level 4 of The Dungeons of Doom. On T:633 you reached level 5 of The Dungeons of Doom. On T:635 you advanced to experience level 4. On T:666 you reached level 6 of The Dungeons of Doom. On T:695 you reached level 7 of The Dungeons of Doom. On T:841 you reached level 8 of The Dungeons of Doom. Score breakdown: Gold: 796 ( 9869 points) Experience: 4 levels ( 9649 points) Exploration: 8 levels ( 16.67%) (11577 points) Discoveries: 2 items ( 0.69%) ( 2500 points) Valuables value: (no points given unless you survive) Artifact value: 0 ( 0 points) Variety of kills: 15 monsters ( 3.94%) ( 5952 points) Turncount: 903 turns ( 0 points) Survival: died (score multiplied by 80%) Total score: 31637 Latest messages: As you read the scroll, it disappears. You feel like someone is helping you. (You can name a scroll labeled VERR YED HORRE from the item naming menu.) Nowhere else around here can be automatically explored. You hear a door open. (2x) You see here a food ration. You stumble into a spider web! t - a food ration. You miss the giant spider. The giant spider bites! The spell hits the giant spider! The giant spider bites! The spell misses the giant spider. The giant spider bites! You are stuck to the web. The giant spider bites! (2x) You are stuck to the web. The giant spider bites! The spell misses the giant spider. The giant spider bites! You die... Final status: Goodbye Jonadab the Wizard, killed by a giant spider... You died in The Dungeons of Doom on dungeon level 8 with 31637 points, and 796 pieces of gold, after 903 moves. You were level 4 with a maximum of 31 hit points when you died.